 Dungeon Crawl Stone Soup version 0.17-a0-1399-gd5b76e1 (webtiles) character file.

132 nono the Skirmisher (level 5, -5/34 HPs)
             Began as a Gargoyle Fighter on June 19, 2015.
             Killed from afar by Natasha (9 damage)
             ... with a wand of frost
             ... on level 3 of the Dungeon.
             The game lasted 00:04:24 (1707 turns).

nono the Skirmisher (Gargoyle Fighter)              Turns: 1707, Time: 00:04:24

Health: -5/34      AC: 13    Str: 20    XL:     5   Next: 15%
Magic:  5/5        EV:  7    Int:  8    God:
Gold:   79         SH:  9    Dex: 10    Spells: 0 memorised, 4 levels left

rFire  . . .     SeeInvis .     o - +1 dagger (drain)
rCold  . . .     Clarity  .     b - +0 scale mail
rNeg   + . .     SustAt   .     c - +0 shield
rPois  ∞         Gourm    .     (no helmet)
rElec  +         Spirit   .     m - +0 cloak
rCorr  .         Warding  .     i - +0 pair of gloves
rMut   .         Stasis   .     (no boots)
MR     .....                    (no amulet)
Stlth  ..........               (no ring)
                                (no ring)

@: not resistant to hostile enchantments, extremely unstealthy
A: negative energy resistance 1, electricity resistance, unbreathing,
petrification resistance, rot immunity, AC +4
a: no special abilities


You were on level 3 of the Dungeon.
You were not hungry.

You visited 1 branch of the dungeon, and saw 3 of its levels.

You collected 79 gold pieces.

Inventory:

Hand weapons
 a - a +0 flail
 o - a +1 dagger of draining (weapon)
Armour
 b - a +0 scale mail (worn)
 c - a +0 shield (worn)
 i - a +0 pair of gloves (worn)
 m - a +0 cloak (worn)
 q - a +1 ring mail of poison resistance
Scrolls
 g - 4 scrolls of identify {unknown}
 h - 2 scrolls of fear {unknown}
 j - a scroll of random uselessness {unknown}
 k - a scroll of amnesia {unknown}
 l - 6 scrolls of remove curse {unknown}
 p - a scroll of noise {unknown}
 r - a scroll of blinking {unknown}
Potions
 d - a potion of might
 f - a potion of heal wounds {unknown}
Comestibles
 e - a bread ration
 n - 5 chunks of flesh


   Skills:
 + Level 4.8 Fighting
 - Level 2.0 Maces & Flails
 + Level 4.8 Armour
 - Level 3.7 Shields


You had 4 spell levels left.
You didn't know any spells.

Dungeon Overview and Level Annotations

Branches:
Dungeon (3/15)

Altars:
Nemelex Xobeh
Okawaru
Sif Muna
Trog

Annotations:
D:3 Natasha


Innate Abilities, Weirdness & Mutations

You are resistant to torment.
Your stone body is resilient (AC +4).
You are immune to poison.
You resist negative energy.
You are resistant to electric shocks.
You can survive without breathing.
You are immune to petrification.
You are immune to rotting.


Message History

You hit Natasha. You drain Natasha!
Natasha is severely wounded.
Natasha zaps a wand.
The puff of frost hits you!
Natasha zaps a wand.
You block the puff of frost.
You closely miss Natasha.
Natasha is severely wounded.
Natasha casts a spell at you. The magic dart hits you!
* * * LOW HITPOINT WARNING * * *
You closely miss Natasha.
Natasha is severely wounded.
Natasha zaps a wand.
You block the puff of frost.
You barely miss Natasha.
Natasha is severely wounded.
Natasha casts a spell at you. You resist with some effort.
You barely miss Natasha.
Natasha is severely wounded.
Natasha zaps a wand.
The puff of frost hits you!
You die...

#.. ... ..# . ..#
h. ##<.# ... #...
....
.########.##.?...
......§@h5.......
....#####.###... #
#..####.# ..
#....bg# .#
#......# .#
##......# #.#
.......).# ..#
##.......##.####.#
##..............#


You could see Natasha and a white imp.

Vanquished Creatures
  Ijyb (D:3)
  3 gnolls (D:2)
  An ooze (D:1)
  A worm (D:2)
  3 giant geckos
  An orc (D:3)
  2 ball pythons (D:1)
  10 bats
  3 giant cockroaches
  6 goblins
  8 hobgoblins
  4 jackals (D:3)
  2 giant newts (D:1)
  6 kobolds
  2 quokkas (D:2)
  12 rats
65 creatures vanquished.

Notes
Turn   | Place    | Note
--------------------------------------------------------------
     0 | D:1      | nono the Gargoyle Fighter began the quest for the Orb.
     0 | D:1      | Reached XP level 1. HP: 14/14 MP: 1/1
   113 | D:1      | Reached XP level 2. HP: 17/19 MP: 2/2
   415 | D:1      | Reached XP level 3. HP: 21/24 MP: 3/3
   568 | D:1      | Reached skill level 4 in Armour
   863 | D:1      | Found a sparkling altar of Nemelex Xobeh.
  1176 | D:2      | Found a bloodstained altar of Trog.
  1176 | D:2      | Found a deep blue altar of Sif Muna.
  1215 | D:2      | Reached XP level 4. HP: 25/29 MP: 4/4
  1494 | D:2      | Found an iron altar of Okawaru.
  1632 | D:3      | Noticed Ijyb
  1650 | D:3      | Noticed Natasha
  1695 | D:3      | Killed Ijyb
  1695 | D:3      | Reached XP level 5. HP: 26/34 MP: 5/5
  1707 | D:3      | Killed from afar by Natasha

Vault maps used:
D:1:      nicolae_arrival_washed_ashore, serial_bayou, serial_bayou_pond_c,
          serial_bayou_pond_d, serial_bayou_lake_a, serial_bayou_shore_a,
          minivault_19, hangedman_abyss_or_decor_lesser_grid,
          minmay_misc_feat_columns, grunt_decor_arrowhead, st_stairs_4,
          nemelex_xobeh_ov_fountains_minmay
D:2:      nicolae_overflow_crystal_walls, gammafunk_temple_overflow_wave
D:3:      zin_angel, uniq_natasha, uniq_robin, uniq_iyjb

Action                   |  1- 3 |  4- 6 || total
-------------------------+-------+-------++-------
Melee: Flail             |    90 |       ||    90
       Dagger            |    23 |   125 ||   148
  Eat: Chunk             |     1 |     2 ||     3
